 Dungeon Crawl Stone Soup version 0.16-a0-3998-g78f890e (webtiles) character file.

307 Minkie the Cleaver (level 6, -6/51 HPs)
             Began as a Hill Orc Skald on Feb 13, 2015.
             Was an Initiate of Beogh.
             Mangled by an ogre
             ... wielding a +0 giant spiked club
              (22 damage)
             ... on level 4 of the Dungeon.
             The game lasted 00:14:01 (4056 turns).

Minkie the Cleaver (Hill Orc Skald)                 Turns: 4056, Time: 00:14:01

Health: -6/51      AC:  7    Str: 15    XL:     6   Next: 40%
Magic:  9/9        EV:  9    Int: 14    God:    Beogh [......]
Gold:   118        SH:  0    Dex: 10    Spells: 1 memorised, 7 levels left

rFire  . . .     SeeInvis .     a - +0 hand axe
rCold  . . .     Clarity  .     f - +0 scale mail
rNeg   . . .     SustAb   .     (no shield)
rPois  .         Gourm    .     (no helmet)
rElec  .         Spirit   .     (no cloak)
rCorr  .         Warding  .     k - +0 pair of gloves
rMut   .         Stasis   .     (no boots)
MR     .....                    (no amulet)
Stlth  ..........               (no ring)
                                (no ring)

@: not resistant to hostile enchantments, extremely unstealthy
A: no striking features
a: Renounce Religion


You were on level 4 of the Dungeon.
You worshipped Beogh.
Beogh was noncommittal.
You were not hungry.

You visited 1 branch of the dungeon, and saw 4 of its levels.

You collected 118 gold pieces.

Inventory:

Hand weapons
 a - a +0 hand axe (weapon)
Armour
 f - a +0 scale mail (worn)
 k - a +0 pair of gloves (worn)
Magical devices
 l - a wand of digging (9)
Scrolls
 p - a scroll of identify
 q - a scroll of teleportation
 r - a scroll of blinking
 t - a scroll of amnesia {unknown}
 u - a scroll of fog {unknown}
Potions
 e - 3 potions of brilliance
 g - 5 potions of curing
 h - 6 potions of might
 i - a potion of ambrosia {unknown}
 j - a potion of haste {unknown}
 o - a potion of cure mutation {unknown}
 s - a potion of invisibility {unknown}
Books
 c - a book of Battle

   Spells                             Type                      Level
   a - Infusion                       Charms                       1
   b - Shroud of Golubria             Charms/Translocation         2
   c - Song of Slaying                Charms                       2
   d - Spectral Weapon                Hexes/Charms                 3
   e - Regeneration                   Charms/Necromancy            3
Comestibles
 b - 2 bread rations
 d - 2 meat rations
 m - 2 slices of pizza
 n - a royal jelly
 v - a beef jerky
 w - a chunk of flesh


   Skills:
 - Level 3.0 Fighting
 + Level 8.4 Axes
 - Level 1.1 Armour
 - Level 0.7 Dodging
 - Level 1.5 Spellcasting
 - Level 2.6 Charms


You had 7 spell levels left.
You knew the following spells:

 Your Spells              Type           Power        Failure   Level  Hunger
a - Infusion              Chrm           #.....       34%         1    ##.....


Dungeon Overview and Level Annotations

Branches:
Dungeon (4/15)
 Temple: D:4-7

Altars:
Kikubaaqudgha
Zin


Message History

You hit the ogre.
The ogre is moderately wounded.
The ogre barely misses you.
You barely miss the ogre.
The ogre is moderately wounded.
The ogre hits you with a giant spiked club.
You hit the ogre.
The ogre is heavily wounded.
You hit the ogre.
The ogre is severely wounded.
The ogre hits you with a giant spiked club!
You barely miss the ogre.
The ogre is severely wounded.
You hit the ogre.
The ogre is severely wounded.
The ogre barely misses you.
You slash the ogre!
The ogre is almost dead.
The ogre hits you with a giant spiked club!!
You die...

#.# #........# #.#
########.## #.#
#... #.# ####( #.#
#.... #.# #.### #.#
# #.# #@# ##### #O#
##.### .......##.#
#)....
(.........#####....
#..###
..###..##.......#
#. #.###...# #.
.... #.# ### ..
#..... ... .
#.##...# ###


You could see an ogre.

Vanquished Creatures
  A water moccasin skeleton (D:4)
  An orc wizard (D:4)
  A worker ant (D:4)
  A gnoll (D:1)
  10 adders
  3 worms
  5 giant geckos
  11 orcs
  6 bats
  4 giant cockroaches
  9 hobgoblins
  2 jackals (D:2)
  2 quokkas
  2 giant newts
  10 goblins
  12 kobolds
  3 rats
83 creatures vanquished.

Vanquished Creatures (others)
  A bat (D:4)
  A goblin (D:4)
2 creatures vanquished.

Grand Total: 85 creatures vanquished

Notes
Turn   | Place    | Note
--------------------------------------------------------------
     0 | D:1      | Minkie, the Hill Orc Skald, began the quest for the Orb.
     0 | D:1      | Reached XP level 1. HP: 18/18 MP: 2/2
    79 | D:1      | Reached skill level 3 in Axes
   366 | D:1      | Reached XP level 2. HP: 23/25 MP: 3/3
   864 | D:1      | Reached skill level 4 in Axes
   864 | D:1      | Reached XP level 3. HP: 14/31 MP: 5/5
  1284 | D:2      | Found a glowing silver altar of Zin.
  1550 | D:2      | Reached skill level 5 in Axes
  1708 | D:2      | Reached XP level 4. HP: 29/38 MP: 6/6
  2055 | D:3      | Reached skill level 6 in Axes
  2230 | D:3      | Reached XP level 5. HP: 36/45 MP: 7/7
  3286 | D:4      | Reached skill level 7 in Axes
  3366 | D:4      | Became a worshipper of Beogh the Brigand
  3395 | D:4      | Reached skill level 8 in Axes
  3395 | D:4      | Reached XP level 6. HP: 21/51 MP: 9/9
  3935 | D:4      | Found an ancient bone altar of Kikubaaqudgha.
  4001 | D:4      | Noticed an ogre
  4003 | D:4      | Noticed an ogre
  4056 | D:4      | Mangled by an ogre

Action                   |  1- 3 |  4- 6 || total
-------------------------+-------+-------++-------
Melee: Hand axe          |   163 |   328 ||   491
Invok: Convert to Beogh  |       |     1 ||     1
Evoke: Wand              |       |     1 ||     1
  Use: Scroll            |     5 |     2 ||     7
  Eat: Chunk             |     2 |     9 ||    11
